Workbook
Name Excel_BuiltIn__FilterDatabase: 'приложение 8'!$C$2:$C$392
Name Excel_BuiltIn_Print_Area: 'приложение 10'!$B$1:$O$698
Name Excel_BuiltIn_Print_Area: 'приложение 6'!$A$1:$G$60
Name Excel_BuiltIn_Print_Area: 'приложение 8'!$A$2:$E$396
Name Print_Area_0: 'приложение 8'!$A$2:$E$398
Name Print_Area_0_0: 'приложение 10'!$A$1:$O$702
Name Print_Area_0_0: 'приложение 6'!$A$1:$G$55
Name Print_Area_0_0_0: 'приложение 10'!$B$1:$O$702
Name Print_Area_0_0_0_0: 'приложение 10'!$B$1:$O$701
Name Print_Area_0_0_0_0_0: 'приложение 10'!$A$1:$O$701
Name Print_Area_0_0_0_0_0_0: 'приложение 10'!$A$1:$O$701
Name Print_Area_0_0_0_0_0_0_0: 'приложение 10'!$B$1:$O$701
Name Print_Area_0_0_0_0_0_0_0_0: 'приложение 10'!$A$1:$O$701
Name Print_Area_0_0_0_0_0_0_0_0_0: 'приложение 10'!$A$1:$O$701
Name Z_4F3F96C3_7B8B_440F_A7C0_DFFBDC784942__wvu_FilterData: #REF!
Name Z_6CB88F76_ADF1_43EB_B8FB_32CF6D2656A6__wvu_Cols: #REF!
Name Z_6CB88F76_ADF1_43EB_B8FB_32CF6D2656A6__wvu_FilterData: #REF!
Name Z_6CB88F76_ADF1_43EB_B8FB_32CF6D2656A6__wvu_PrintArea: #REF!
Name Z_7BCFB845_C80C_48FE_B4FE_79B4B69115F3__wvu_FilterData: #REF!
Name Z_7D67130F_5829_47C5_93DE_738E8D41F162__wvu_FilterData: #REF!
Name Z_8E2E7D81_C767_11D8_A2FD_006098EF8B30__wvu_Cols: #REF!
Name Z_8E2E7D81_C767_11D8_A2FD_006098EF8B30__wvu_FilterData: #REF!
Name Z_8E2E7D81_C767_11D8_A2FD_006098EF8B30__wvu_PrintArea: #REF!
Name Z_AAB63AD1_4FE4_4C7A_A62E_5A604C03BF55__wvu_FilterData: #REF!
Name Z_C231806E_9211_4D8F_9EB3_1A15C537C808__wvu_FilterData: #REF!
Name Z_D05021AF_1DB5_4AD7_B085_4CD71612CDB6__wvu_FilterData: #REF!
Name Z_D5E1AF6B_71F1_4B33_880B_72787157ADA9__wvu_FilterData: #REF!
Name Z_D5E1AF6B_71F1_4B33_880B_72787157ADA9__wvu_PrintArea: #REF!
Name Z_E2E14CAC_FED5_4087_B580_6F7DEE9C9BA1__wvu_FilterData: #REF!
Name Z_EF5A4981_C8E4_11D8_A2FC_006098EF8BA8__wvu_Cols: #REF!
Name Z_EF5A4981_C8E4_11D8_A2FC_006098EF8BA8__wvu_PrintArea: 'приложение 10'!$A$3
Name Z_EF5A4981_C8E4_11D8_A2FC_006098EF8BA8__wvu_PrintTitles: #REF!
Name Z_EFA5B1DC_5497_4E2C_A2B5_ED756C88CC7C__wvu_Cols: #REF!
Name Z_EFA5B1DC_5497_4E2C_A2B5_ED756C88CC7C__wvu_FilterData: #REF!

Sheet приложение 6
C1: Приложение 6
C2: к решению Совета муниципального образования Белореченский муниципальный район Краснодарского края от 28 января 2026 г. № 248
B3: Распределение бюджетных ассигнований бюджета муниципального образования Белореченский муниципальный район Краснодарского края по разделам и подразделам классификации расходов бюджетов на 2026 год
A5: № п/п | B5: Наименование | C5: Коды бюджетной классификации | G5: 2026 год
C6: Раздел | D6: Подраздел | E6: Целевая статья | F6: Вид расхода
A7: 1 | B7: 2 | C7: 3 | D7: 4 | E7: 5 | F7: 6 | G7: 5
B8: Всего расходов | G8: =G9+G17+G21+G26+G29+G35+G40+G44+G49+G51+G38 -> 4.8311949e+09
A9: 1. | B9: Общегосударственные вопросы | C9: 01 | G9: =G10+G11+G12+G14+G15+G16+G13 -> 4.4825435e+08
B10: Функционирование высшего должностного лица субъекта Российской Федерации и муниципального образования | C10: 01 | D10: 02 | G10: ='приложение 10'!I27 -> 3342000
B11: Функционирование законодательных (представительных) органов государственной власти и и представительных органов муниципальных образований | C11: 01 | D11: 03 | E11: 0020000 | G11: ='приложение 10'!I11 -> 9212600
B12: Функционирование Правительства Российской Федерации, высших органов исполнительной власти субъектов Российской Федерации, местных администраций | C12: 01 | D12: 04 | G12: ='приложение 10'!I32 -> 105122300
B13: Судебная система | C13: 01 | D13: 05 | G13: ='приложение 10'!I46 -> 85000
B14: Обеспечение деятельности финансовых, налоговых и таможенных органов и органов финансового (финансово-бюджетного) надзора | C14: 01 | D14: 06 | E14: 0020000 | G14: ='приложение 10'!I268+'приложение 10'!I288 -> 41343800
B15: Резервные фонды | C15: 01 | D15: 11 | E15: 0020400 | G15: ='приложение 10'!I50 -> 5838048.8
B16: Другие общегосударственные вопросы | C16: 01 | D16: 13 | E16: 0020400 | F16: 012 | G16: ='приложение 10'!I55+'приложение 10'!I328+'приложение 10'!I274+'приложение 10'!I579+'приложение 10'!I349+'приложение 10'!I517+'приложение 10'!I297+'приложение 10'!I20+'приложение 10'!I304+'приложение 10'!I619 -> 283310600
A17: 2. | B17: Национальная безопасность и правоохранительная деятельность | C17: 03 | G17: =G18+G20+G19 -> 48023551
B18: Гражданская оборона | C18: 03 | D18: 09 | G18: ='приложение 10'!I101 -> 42958600
B19: Защита населения и территории от чрезвычайных ситуаций природного и техногенного характера, пожарная безопасность | C19: 03 | D19: 10 | G19: ='приложение 10'!I115 -> 2413951.2
B20: Другие вопросы в области национальной безопасности и правоохранительной деятельности | C20: 03 | D20: 14 | G20: ='приложение 10'!I124 -> 2651000
A21: 3. | B21: Национальная экономика | C21: 04 | G21: =G22+G24+G25+G23 -> 2.462559e+08
B22: Сельское хозяйство и рыболовство | C22: 04 | D22: 05 | G22: ='приложение 10'!I310 -> 33101400
B23: Транспорт | C23: 04 | D23: 08 | G23: ='приложение 10'!I145 -> 11396000
B24: Дорожное хозяйство(дорожные фонды) | C24: 04 | D24: 09 | G24: ='приложение 10'!I150 -> 2.002735e+08
B25: Другие вопросы в области национальной экономики | C25: 04 | D25: 12 | G25: ='приложение 10'!I160+'приложение 10'!I342 -> 1485000
A26: 4. | B26: Жилищно-коммунальное хозяйство | C26: 05 | G26: =G28+G27 -> 1.4226311e+08
B27: Жилищное хозяйство | C27: 05 | D27: 01 | G27: ='приложение 10'!I176 -> 14904100
B28: Коммунальное хозяйство | C28: 05 | D28: 02 | G28: ='приложение 10'!I186 -> 1.2735901e+08
A29: 5. | B29: Образование | C29: 07 | G29: =G30+G31+G33+G34+G32 -> 3205775100
B30: Дошкольное образование | C30: 07 | D30: 01 | G30: ='приложение 10'!I356+'приложение 10'!I211 -> 1041200800
B31: Общее образование | C31: 07 | D31: 02 | G31: ='приложение 10'!I379+'приложение 10'!I219 -> 1847924200
B32: Дополнительное образование детей | C32: 07 | D32: 03 | G32: ='приложение 10'!I437+'приложение 10'!I523 -> 193724500
B33: Молодежная политика | C33: 07 | D33: 07 | G33: ='приложение 10'!I625+'приложение 10'!I663+'приложение 10'!I226 -> 24771200
B34: Другие вопросы в области образования | C34: 07 | D34: 09 | G34: ='приложение 10'!I453+'приложение 10'!I231+'приложение 10'!I655+'приложение 10'!I532+'приложение 10'!I668 -> 98154400
A35: 6. | B35: Культура и кинематография | C35: 08 | G35: =G36+G37 -> 93119600
B36: Культура | C36: 08 | D36: 01 | G36: ='приложение 10'!I542 -> 76775700
B37: Другие вопросы в области культуры, кинематографии | C37: 08 | D37: 04 | G37: ='приложение 10'!I552 -> 16343900
A38: 7. | B38: Здравоохранение | C38: 09 | G38: =G39 -> 850000
B39: Амбулаторная помощь | C39: 09 | D39: 02 | G39: ='приложение 10'!I239 -> 850000
A40: 8. | B40: Социальная политика | C40: 10 | G40: =G41+G42+G43 -> 268712500
B41: Социальное обеспечение населения | C41: 10 | D41: 03 | G41: ='приложение 10'!I246 -> 65115000
B42: Охрана семьи и детства | C42: 10 | D42: 04 | G42: ='приложение 10'!I494+'приложение 10'!I674+'приложение 10'!I252 -> 189267700
B43: Другие вопросы в области социальной политики | C43: 10 | D43: 06 | G43: ='приложение 10'!I685 -> 14329800
A44: 9. | B44: Физическая культура и спорт | C44: 11 | G44: =G45+G48+G47+G46 -> 352940800
B45: Физическая культура | C45: 11 | D45: 01 | G45: ='приложение 10'!I585+'приложение 10'!I500 -> 195420400
B46: Массовый спорт | C46: 11 | D46: 02 | G46: ='приложение 10'!I592 -> 30100
B47: Спорт высших достижений | C47: 11 | D47: 03 | G47: ='приложение 10'!I597 -> 152964900
B48: Другие вопросы в области физической культуры и спорта | C48: 11 | D48: 05 | E48: 5200000 | G48: ='приложение 10'!I611 -> 4525400
A49: 10. | B49: Межбюджетные трансферты общего характера бюджетам субъектов Российской Федерации | C49: 14 | D49: 00 | G49: =G50 -> 25000000
B50: Дотации на выравнивание бюджетной обеспеченности субъектов Российской Федерации и муниципальных образований | C50: 14 | D50: 01 | G50: ='приложение 10'!I280 -> 25000000
B53: Начальник финансового управления
B54: администрации муниципального образования
B55: Белореченский муниципальный район
B56: Краснодарского края | G56: Е.А. Греков

Sheet приложение 8
C2: Приложение 8
C3: к решению Совета муниципального образования Белореченский муниципальный район Краснодарского края от 28 января 2026 г. № 248
B4: Распределение бюджетных ассигнований по целевым статьям (муниципальным программам муниципального образования Белореченский муниципальный район Краснодарского края и непрограммным направлениям деятельности), группам видов расходов классификации расходов бюджетов на 2026 год
B6: Наименование | C6: КЦСР | D6: КВР | E6: 2026 год
A7: 1 | B7: 2 | C7: 3 | D7: 4 | E7: 5
B8: ВСЕГО | E8: =E9+E51+E55+E97+E103+E115+E130+E209+E224+E251+E260+E365+E314+E396+E247+E298+E310+E328+E293+E306+E340+E218+E243+E122+E126+E332+E356 -> 4.8311949e+09
A9: 1. | B9: Муниципальная программа "Обеспечение деятельности органов местного самоуправления" | C9: 5000000000 | E9: =E10+E15+E41+E45+E48 -> 235087100
B10: Обеспечение деятельности высшего должностного лица муниципального образования | C10: 5010000000 | E10: =E11+E13 -> 3594000
B11: Расходы на обеспечение функций органов местного самоуправления | C11: 5010000190 | E11: =E12 -> 3342000
B12: Расходы на выплаты персоналу в целях обеспечения выполнения функций государственными (муниципальными) органами, казенными учреждениями, органами управления государственными внебюджетными фондами | C12: 5010000190 | D12: 100 | E12: ='приложение 10'!I31 -> 3342000
B13: Осуществление отдельного государственного полномочия Краснодарского края по формированию списков семей и граждан, жилые помещения которых утрачены в результате чрезвычайных ситуаций природного и техногенного характера на территории Краснодарского края, и (или) списков граждан, жилые помещения которых повреждены в результате чрезвычайных ситуаций природного и техногенного характера на территории Краснодарского края | C13: 5010060070 | E13: =E14 -> 252000
B14: Закупка товаров, работ и услуг для обеспечения государственных (муниципальных) нужд | C14: 5010060070 | D14: 200 | E14: ='приложение 10'!I119 -> 252000
B15: Обеспечение деятельности администрации муниципального образования | C15: 5020000000 | E15: =E16+E20+E23+E26+E32+E30+E36+E39 -> 213089800
B16: Расходы на обеспечение функций органов местного самоуправления | C16: 5020000190 | E16: =E17+E18+E19 -> 189464300
B17: Расходы на выплаты персоналу в целях обеспечения выполнения функций государственными (муниципальными) органами, казенными учреждениями, органами управления государственными внебюджетными фондами | C17: 5020000190 | D17: 100 | E17: ='приложение 10'!I36+'приложение 10'!I272+'приложение 10'!I314+'приложение 10'!I332+'приложение 10'!I457+'приложение 10'!I556+'приложение 10'!I615+'приложение 10'!I659 -> 189448900
B18: Закупка товаров, работ и услуг для обеспечения государственных (муниципальных) нужд | C18: 5020000190 | D18: 200 | E18: ='приложение 10'!I333+'приложение 10'!I458 -> 0
B19: Иные бюджетные ассигнования | C19: 5020000190 | D19: 800 | E19: ='приложение 10'!I37+'приложение 10'!I273+'приложение 10'!I315+'приложение 10'!I334+'приложение 10'!I459+'приложение 10'!I557+'приложение 10'!I616+'приложение 10'!I660 -> 15400
B20: Осуществление отдельных государственных полномочий по ведению учета граждан отдельных категорий в качестве нуждающихся в жилых помещениях и по формированию списка детей-сирот и детей, оставшихся без попечения родителей, лиц из числа детей-сирот и детей, оставшихся без попечения родителей, лиц, относившихся к категории детей-сирот и детей, оставшихся без попечения родителей, подлежащих обеспечению жилыми помещениями | C20: 5020060870 | E20: =E21+E22 -> 982600
B21: Расходы на выплаты персоналу в целях обеспечения выполнения функций государственными (муниципальными) органами, казенными учреждениями, органами управления государственными внебюджетными фондами | C21: 5020060870 | D21: 100 | E21: ='приложение 10'!I39 -> 982600
B22: Закупка товаров, работ и услуг для обеспечения государственных (муниципальных) нужд | C22: 5020060870 | D22: 200 | E22: ='приложение 10'!I40 -> 0
B23: Осуществление отдельных государственных полномочий Краснодарского края по поддержке сельскохозяйственного производства | C23: 5020060910 | E23: =E24+E25 -> 1959200
B24: Расходы на выплаты персоналу в целях обеспечения выполнения функций государственными (муниципальными) органами, казенными учреждениями, органами управления государственными внебюджетными фондами | C24: 5020060910 | D24: 100 | E24: ='приложение 10'!I317 -> 1959200
B25: Закупка товаров, работ и услуг для обеспечения государственных (муниципальных) нужд | C25: 5020060910 | D25: 200 | E25: ='приложение 10'!I318 -> 0
B26: Осуществление отдельных государственных полномочий по выявлению обстоятельств, свидетельствующих о необходимости оказания детям-сиротам и детям, оставшимся без попечения родителей, лицам из числа детей-сирот и детей, оставшихся без попечения родителей, содействия в преодолении трудной жизненной ситуации, и осуществлению контроля за использованием детьми-сиротами и детьми, оставшимися без попечения родителей, лицами из числа детей-сирот и детей, оставшихся без попечения родителей, предоставленных им жилых помещений специализированного жилищного фонда | C26: 5020069170 | E26: =E27+E28+E29 -> 1318400
B27: Расходы на выплату персоналу в целях обеспечения функций государственными (муниципальными) органами, казенными учреждениями, органами управления государственными внебюджетными фондами | C27: 5020069170 | D27: 100 | E27: ='приложение 10'!I689 -> 1318400
B28: Закупка товаров, работ и услуг для обеспечения государственных (муниципальных) нужд | C28: 5020069170 | D28: 200 | E28: ='приложение 10'!I690 -> 0
B29: Иные бюджетные ассигнования | C29: 5020069170 | D29: 800 | E29: ='приложение 10'!I691 -> 0
B30: Осуществление отдельных государственных полномочий Краснодарского края по организации и обеспечению отдыха и оздоровления детей (за исключением организации отдыха детей в каникулярное время) | C30: 5020069180 | E30: =E31 -> 982900
B31: Расходы на выплату персоналу в целях обеспечения функций государственными (муниципальными) органами, казенными учреждениями, органами управления государственными внебюджетными фондами | C31: 5020069180 | D31: 100 | E31: ='приложение 10'!I693 -> 982900
B32: Осуществление отдельных государственных полномочий по организации и осуществлению деятельности по опеке и попечительству в отношении несовершеннолетних | C32: 5020069190 | E32: =E33+E34+E35 -> 12028500
B33: Расходы на выплату персоналу в целях обеспечения функций государственными (муниципальными) органами, казенными учреждениями, органами управления государственными внебюджетными фондами | C33: 5020069190 | D33: 100 | E33: ='приложение 10'!I695 -> 11328000
B34: Закупка товаров, работ и услуг для обеспечения государственных (муниципальных) нужд | C34: 5020069190 | D34: 200 | E34: ='приложение 10'!I696 -> 700000
B35: Иные бюджетные ассигнования | C35: 5020069190 | D35: 800 | E35: ='приложение 10'!I697 -> 500
B36: Осуществление отдельных государственных полномочий по созданию и организации деятельности комиссий по делам несовершеннолетних и защите их прав | C36: 5020069200 | E36: =E37+E38 -> 5371200
B37: Расходы на выплаты персоналу в целях обеспечения выполнения функций государственными (муниципальными) органами, казенными учреждениями, органами управления государственными внебюджетными фондами | C37: 5020069200 | D37: 100 | E37: ='приложение 10'!I42 -> 5271200
B38: Закупка товаров, работ и услуг для обеспечения государственных (муниципальных) нужд | C38: 5020069200 | D38: 200 | E38: ='приложение 10'!I43 -> 100000
B39: 0существление отдельных государственных полномочий по предоставлению лицам, которые относились к категории детей-сирот и детей, оставшихся без попечения родителей, лиц из числа детей-сирот и детей, оставшихся без попечения родителей, и достигли возраста 23 лет, выплаты на приобретение благоустроенного жилого помещения в собственность или для полного погашения предоставленного на приобретение жилого помещения кредита (займа) по договору, обязательства заемщика по которому обеспечены ипотекой | C39: 5020069210 | E39: =E40 -> 982700
B40: Расходы на выплаты персоналу в целях обеспечения выполнения функций государственными (муниципальными) органами, казенными учреждениями, органами управления государственными внебюджетными фондами | C40: 5020069210 | D40: 100 | E40: ='приложение 10'!I45 -> 982700
B41: Укрепление материально-технической базы органов местного самоуправления | C41: 5030000000 | E41: =E42 -> 16126300
B42: Укрепление материально-технического оснащения для бесперебойного обеспечения бюджетного процесса | C42: 5030010030 | E42: =E43+E44 -> 16126300
B43: Закупка товаров, работ и услуг для обеспечения государственных (муниципальных) нужд | C43: 5030010030 | D43: 200 | E43: ='приложение 10'!I24+'приложение 10'!I301+'приложение 10'!I308+'приложение 10'!I337+'приложение 10'!I623+'приложение 10'!I353+'приложение 10'!I278+'приложение 10'!I521+'приложение 10'!I583+'приложение 10'!I59 -> 14114300
B44: Иные бюджетные ассигнования | C44: 5030010030 | D44: 800 | E44: ='приложение 10'!I354+'приложение 10'!I60 -> 2012000
B45: Повышение информированности населения о деятельности органов власти | C45: 5040000000 | E45: =E46 -> 550000
B46: Обеспечение информационной открытости органов власти | C46: 5040010560 | E46: =E47 -> 550000
B47: Закупка товаров, работ и услуг для обеспечения государственных (муниципальных) нужд | C47: 5040010560 | D47: 200 | E47: ='приложение 10'!I63 -> 550000
B48: Создание информационно-технической инфраструктуры администрации | C48: 5050000000 | E48: =E49 -> 1727000
B49: Информатизация администрации муниципального образования | C49: 5050010780 | E49: =E50 -> 1727000
B50: Закупка товаров, работ и услуг для обеспечения государственных (муниципальных) нужд | C50: 5050010780 | D50: 200 | E50: ='приложение 10'!I66 -> 1727000
A51: 2. | B51: Муниципальная программа "Управление муниципальными финансами" | C51: 5100000000 | E51: =E52 -> 25000000
B52: Повышение уровня бюджетной обеспеченности муниципальных образований Белореченского района | C52: 5110000000 | E52: =E53 -> 25000000
B53: Дотации на выравнивание бюджетной обеспеченности поселений | C53: 51100A0030 | E53: =E54 -> 25000000
B54: Межбюджетные трансферты | C54: 51100A0030 | D54: 500 | E54: ='приложение 10'!I284 -> 25000000
A55: 3. | B55: Муниципальная программа "Обеспечение деятельности казенных учреждений" | C55: 5200000000 | E55: =E56+E61+E71+E77+E87+E92+E82+E66 -> 362685400
B56: Централизованная бухгалтерия | C56: 5210000000 | E56: =E57 -> 167155300
B57: Расходы на обеспечение деятельности (оказание услуг) муниципальных учреждений | C57: 5210000590 | E57: =E58+E59+E60 -> 167155300
B58: Расходы на выплаты персоналу в целях обеспечения выполнения функций государственными (муниципальными) органами, казенными учреждениями, органами управления государственными внебюджетными фондами | C58: 5210000590 | D58: 100 | E58: ='приложение 10'!I235+'приложение 10'!I70 -> 152381900
B59: Закупка товаров, работ и услуг для обеспечения государственных (муниципальных) нужд | C59: 5210000590 | D59: 200 | E59: ='приложение 10'!I236+'приложение 10'!I71 -> 14609400
B60: Иные бюджетные ассигнования | C60: 5210000590 | D60: 800 | E60: ='приложение 10'!I237+'приложение 10'!I72 -> 164000
B61: Управление по обеспечению деятельности администрации | C61: 5220000000 | E61: =E62 -> 48110500
B62: Расходы на обеспечение деятельности (оказание услуг) муниципальных учреждений | C62: 5220000590 | E62: =E63+E64+E65 -> 48110500
B63: Расходы на выплаты персоналу в целях обеспечения выполнения функций государственными (муниципальными) органами, казенными учреждениями, органами управления государственными внебюджетными фондами | C63: 5220000590 | D63: 100 | E63: ='приложение 10'!I75 -> 37120000
B64: Закупка товаров, работ и услуг для обеспечения государственных (муниципальных) нужд | C64: 5220000590 | D64: 200 | E64: ='приложение 10'!I76 -> 10825500
B65: Иные бюджетные ассигнования | C65: 5220000590 | D65: 800 | E65: ='приложение 10'!I77 -> 165000
B66: Архитектура и градостроительство | C66: 5230000000 | E66: =E67 -> 24632500
B67: Расходы на обеспечение деятельности (оказание услуг) муниципальных учреждений | C67: 5230000590 | E67: =E68+E69+E70 -> 24632500
B68: Расходы на выплаты персоналу в целях обеспечения выполнения функций государственными (муниципальными) органами, казенными учреждениями, органами управления государственными внебюджетными фондами | C68: 5230000590 | D68: 100 | E68: ='приложение 10'!I80 -> 23536400
B69: Закупка товаров, работ и услуг для обеспечения государственных (муниципальных) нужд | C69: 5230000590 | D69: 200 | E69: ='приложение 10'!I81 -> 781400
B70: Иные бюджетные ассигнования | C70: 5230000590 | D70: 800 | E70: ='приложение 10'!I82 -> 314700
B71: Служба ГО и ЧС | C71: 5240000000 | E71: =E72 -> 42958400
B72: Расходы на обеспечение деятельности (оказание услуг) муниципальных учреждений | C72: 5240000590 | E72: =E73+E74+E76+E75 -> 42958400
B73: Расходы на выплаты персоналу в целях обеспечения выполнения функций государственными (муниципальными) органами, казенными учреждениями, органами управления государственными внебюджетными фондами | C73: 5240000590 | D73: 100 | E73: ='приложение 10'!I105 -> 29809200
B74: Закупка товаров, работ и услуг для обеспечения государственных (муниципальных) нужд | C74: 5240000590 | D74: 200 | E74: ='приложение 10'!I106 -> 1128200
B75: Межбюджетные трансферты | C75: 5240000590 | D75: 500 | E75: ='приложение 10'!I107 -> 12000000
B76: Иные бюджетные ассигнования | C76: 5240000590 | D76: 800 | E76: ='приложение 10'!I108 -> 21000
B77: ЦРО и МСКО | C77: 5250000000 | E77: =E78 -> 35534800
B78: Расходы на обеспечение деятельности (оказание услуг) муниципальных учреждений | C78: 5250000590 | E78: =E79+E80+E81 -> 35534800
B79: Расходы на выплаты персоналу в целях обеспечения выполнения функций государственными (муниципальными) органами, казенными учреждениями, органами управления государственными внебюджетными фондами | C79: 5250000590 | D79: 100 | E79: ='приложение 10'!I463+'приложение 10'!I561 -> 33911100
B80: Закупка товаров, работ и услуг для обеспечения государственных (муниципальных) нужд | C80: 5250000590 | D80: 200 | E80: ='приложение 10'!I464+'приложение 10'!I562 -> 1599700
B81: Иные бюджетные ассигнования | C81: 5250000590 | D81: 800 | E81: ='приложение 10'!I465+'приложение 10'!I563 -> 24000
B82: Служба заказчика | C82: 5260000000 | E82: =E83 -> 21400200
B83: Расходы на обеспечение деятельности (оказание услуг) муниципальных учреждений | C83: 5260000590 | E83: =E84+E85+E86 -> 21400200
B84: Расходы на выплаты персоналу в целях обеспечения выполнения функций государственными (муниципальными) органами, казенными учреждениями, органами управления государственными внебюджетными фондами | C84: 5260000590 | D84: 100 | E84: ='приложение 10'!I85 -> 19500800
B85: Закупка товаров, работ и услуг для обеспечения государственных (муниципальных) нужд | C85: 5260000590 | D85: 200 | E85: ='приложение 10'!I86 -> 1319400
B86: Иные бюджетные ассигнования | C86: 5260000590 | D86: 800 | E86: ='приложение 10'!I87 -> 580000
B87: Новое поколение | C87: 5270000000 | E87: =E88 -> 17843300
B88: Расходы на обеспечение деятельности (оказание услуг) муниципальных учреждений | C88: 5270000590 | E88: =E89+E90+E91 -> 17843300
B89: Расходы на выплаты персоналу в целях обеспечения выполнения функций государственными (муниципальными) органами, казенными учреждениями, органами управления государственными внебюджетными фондами | C89: 5270000590 | D89: 100 | E89: ='приложение 10'!I629 -> 16958300
B90: Закупка товаров, работ и услуг для обеспечения государственных (муниципальных) нужд | C90: 5270000590 | D90: 200 | E90: ='приложение 10'!I630 -> 880000
B91: Иные бюджетные ассигнования | C91: 5270000590 | D91: 800 | E91: ='приложение 10'!I631 -> 5000
B92: Центр военно-патриотического воспитания подростков и молодежи имени Героя Советского Союза С.Т.Голенева | C92: 5280000000 | E92: =E93 -> 5050400
B93: Расходы на обеспечение деятельности (оказания услуг) муниципальных учреждений | C93: 5280000590 | E93: =E94+E95+E96 -> 5050400
B94: Расходы на выплаты персоналу в целях обеспечения выполнения функций государственными (муниципальными) органами, казенными учреждениями, органами управления государственными внебюджетными фондами | C94: 5280000590 | D94: 100 | E94: ='приложение 10'!I634 -> 5009200
B95: Закупка товаров, работ и услуг для обеспечения государственных (муниципальных) нужд | C95: 5280000590 | D95: 200 | E95: ='приложение 10'!I635 -> 40200
B96: Иные бюджетные ассигнования | C96: 5280000590 | D96: 800 | E96: ='приложение 10'!I636 -> 1000
A97: 4. | B97: Муниципальная программа "Молодежная политика, оздоровление, занятость детей и подростков" | C97: 5300000000 | E97: =E98 -> 522500
B98: Мероприятия в области молодежной политики | C98: 5310000000 | E98: =E99 -> 522500
B99: Реализация мероприятий для детей и молодежи | C99: 5310010350 | E99: =E100+E101+E102 -> 522500
B100: Расходы на выплаты персоналу в целях обеспечения выполнения функций государственными (муниципальными) органами, казенными учреждениями, органами управления государственными внебюджетными фондами | C100: 5310010350 | D100: 100 | E100: ='приложение 10'!I640 -> 0
B101: Закупка товаров, работ и услуг для обеспечения государственных (муниципальных) нужд | C101: 5310010350 | D101: 200 | E101: ='приложение 10'!I641 -> 72500
B102: Социальное обеспечение и иные выплаты населению | C102: 5310010350 | D102: 300 | E102: ='приложение 10'!I642 -> 450000
...

Sheet приложение 10
H1: Приложение 10
H2: к решению Совета муниципального образования Белореченский муниципальный район Краснодарского края от 28 января 2026 г. № 248
C3: Ведомственная структура расходов бюджета муниципального образования Белореченский муниципальный район Краснодарского края на 2026 год
B5: № п\п | C5: Наименование | D5: Коды бюджетной классификации | I5: 2026 год | J5: Первоначальный бюджет | K5: Изменения (+;-) | L5: по итогам публичных слушаний | M5: 46016 | N5: 46050 | O5: Формулы не заполнять
D6: Вед | E6: Раздел | F6: Подраздел | G6: Целевая статья | H6: Вид расхода
B7: 1 | C7: 2 | D7: 3 | E7: 4 | F7: 5 | G7: 6 | H7: 7 | I7: 8
C8: ВСЕГО | I8: =SUM(J8:O8) -> 4.8311949e+09 | J8: =J9+J25+J266+J286+J302+J326+J347+J515+J577+J617+J661 -> 4360965200 | K8: =K9+K25+K266+K286+K302+K326+K347+K515+K577+K617+K661 -> 71967000 | L8: =L9+L25+L266+L286+L302+L326+L347+L515+L577+L617+L661 -> 185923000 | M8: =M9+M25+M266+M286+M302+M326+M347+M515+M577+M617+M661 -> 330900 | N8: =N9+N25+N266+N286+N302+N326+N347+N515+N577+N617+N661 -> 2.1200881e+08 | O8: =O9+O25+O266+O286+O302+O326+O347+O515+O577+O617+O661 -> 0
B9: 1. | C9: Совет муниципального образования Белореченский муниципальный район Краснодарского края | D9: 901 | I9: =SUM(J9:O9) -> 9982600 | J9: =J10 -> 7350500 | K9: =K10 -> 2632100 | L9: =L10 -> 0 | M9: =M10 -> 0 | N9: =N10 -> 0 | O9: =O10 -> 0
C10: Общегосударственные вопросы | D10: 901 | E10: 01 | F10: 00 | I10: =SUM(J10:O10) -> 9982600 | J10: =J11+J20 -> 7350500 | K10: =K11+K20 -> 2632100 | L10: =L11+L20 -> 0 | M10: =M11+M20 -> 0 | N10: =N11+N20 -> 0 | O10: =O11+O20 -> 0
C11: Функционирование законодательных (представительных) органов государственной власти и представительных органов муниципальных образований | D11: 901 | E11: 01 | F11: 03 | I11: =SUM(J11:O11) -> 9212600 | J11: =J12 -> 5950500 | K11: =K12 -> 3262100 | L11: =L12 -> 0 | M11: =M12 -> 0 | N11: =N12 -> 0 | O11: =O12 -> 0
C12: Другие непрограммные направления деятельности органов местного самоуправления | D12: 901 | E12: 01 | F12: 03 | G12: 9900000000 | I12: =SUM(J12:O12) -> 9212600 | J12: =J13+J16 -> 5950500 | K12: =K13+K16 -> 3262100 | L12: =L13+L16 -> 0 | M12: =M13+M16 -> 0 | N12: =N13+N16 -> 0 | O12: =O13+O16 -> 0
C13: Обеспечение деятельности лиц, замещающих муниципальные должности в представительных органах, контрольно-счетных органах муниципальных образований | D13: 901 | E13: 01 | F13: 03 | G13: 9910000000 | I13: =SUM(J13:O13) -> 3048500 | J13: =J14 -> 1974200 | K13: =K14 -> 1074300 | L13: =L14 -> 0 | M13: =M14 -> 0 | N13: =N14 -> 0 | O13: =O14 -> 0
C14: Расходы на обеспечение функций органов местного самоуправления | D14: 901 | E14: 01 | F14: 03 | G14: 9910000190 | I14: =SUM(J14:O14) -> 3048500 | J14: =J15 -> 1974200 | K14: =K15 -> 1074300 | L14: =L15 -> 0 | M14: =M15 -> 0 | N14: =N15 -> 0 | O14: =O15 -> 0
C15: Расходы на выплаты персоналу в целях обеспечения выполнения функций государственными (муниципальными) органами, казенными учреждениями, органами управления государственными внебюджетными фондами | D15: 901 | E15: 01 | F15: 03 | G15: 9910000190 | H15: 100 | I15: =SUM(J15:O15) -> 3048500 | J15: 1974200 | K15: 1074300
C16: Обеспечение деятельности муниципальных и немуниципальных служащих в представительных органах, контрольно-счетных органах муниципальных образований | D16: 901 | E16: 01 | F16: 03 | G16: 9920000000 | I16: =SUM(J16:O16) -> 6164100 | J16: =J17 -> 3976300 | K16: =K17 -> 2187800 | L16: =L17 -> 0 | M16: =M17 -> 0 | N16: =N17 -> 0 | O16: =O17 -> 0
C17: Расходы на обеспечение функций органов местного самоуправления | D17: 901 | E17: 01 | F17: 03 | G17: 9920000190 | I17: =SUM(J17:O17) -> 6164100 | J17: =J18+J19 -> 3976300 | K17: =K18+K19 -> 2187800 | L17: =L18+L19 -> 0 | M17: =M18+M19 -> 0 | N17: =N18+N19 -> 0 | O17: =O18+O19 -> 0
C18: Расходы на выплаты персоналу в целях обеспечения выполнения функций государственными (муниципальными) органами, казенными учреждениями, органами управления государственными внебюджетными фондами | D18: 901 | E18: 01 | F18: 03 | G18: 9920000190 | H18: 100 | I18: =SUM(J18:O18) -> 6159100 | J18: 3972500 | K18: 2186600
C19: Иные бюджетные ассигнования | D19: 901 | E19: 01 | F19: 03 | G19: 9920000190 | H19: 800 | I19: =SUM(J19:O19) -> 5000 | J19: 3800 | K19: 1200
C20: Другие общегосударственные вопросы | D20: 901 | E20: 01 | F20: 13 | I20: =SUM(J20:O20) -> 770000 | J20: =J21 -> 1400000 | K20: =K21 -> -630000 | L20: =L21 -> 0 | M20: =M21 -> 0 | N20: =N21 -> 0 | O20: =O21 -> 0
C21: Муниципальная программа "Обеспечение деятельности органов местного самоуправления" | D21: 901 | E21: 01 | F21: 13 | G21: 500000000 | I21: =SUM(J21:O21) -> 770000 | J21: =J22 -> 1400000 | K21: =K22 -> -630000 | L21: =L22 -> 0 | M21: =M22 -> 0 | N21: =N22 -> 0 | O21: =O22 -> 0
C22: Укрепление материально-технической базы органов местного самоуправления | D22: 901 | E22: 01 | F22: 13 | G22: 5030000000 | I22: =SUM(J22:O22) -> 770000 | J22: =J23 -> 1400000 | K22: =K23 -> -630000 | L22: =L23 -> 0 | M22: =M23 -> 0 | N22: =N23 -> 0 | O22: =O23 -> 0
C23: Укрепление материально-технического оснащения для бесперебойного обеспечения бюджетного процесса | D23: 901 | E23: 01 | F23: 13 | G23: 5030010030 | I23: =SUM(J23:O23) -> 770000 | J23: =J24 -> 1400000 | K23: =K24 -> -630000 | L23: =L24 -> 0 | M23: =M24 -> 0 | N23: =N24 -> 0 | O23: =O24 -> 0
C24: Закупка товаров, работ и услуг для обеспечения государственных (муниципальных) нужд | D24: 901 | E24: 01 | F24: 13 | G24: 5030010030 | H24: 200 | I24: =SUM(J24:O24) -> 770000 | J24: 1400000 | K24: -630000
B25: 2. | C25: Администрация муниципального образования Белореченский муниципальный район Краснодарского края | D25: 902 | I25: =SUM(J25:O25) -> 9.8094471e+08 | J25: =J26+J100+J144+J175+J210+J245 -> 522783500 | K25: =K26+K100+K144+K175+K210+K245 -> 54130500 | L25: =L26+L100+L144+L175+L210+L245 -> 185923000 | M25: =M26+M100+M144+M175+M210+M245+M238 -> 7617100 | N25: =N26+N100+N144+N175+N210+N245 -> 2.1049061e+08 | O25: =O26+O100+O144+O175+O210+O245 -> 0
C26: Общегосударственные вопросы | D26: 902 | E26: 01 | F26: 00 | I26: =SUM(J26:O26) -> 3.6585865e+08 | J26: =J27+J32+J50+J55+J46 -> 239923300 | K26: =K27+K32+K50+K55+K46 -> 119941800 | L26: =L27+L32+L50+L55+L46 -> 0 | M26: =M27+M32+M50+M55+M46 -> -108500 | N26: =N27+N32+N50+N55+N46 -> 6102048.8 | O26: =O27+O32+O50+O55+O46 -> 0
C27: Функционирование высшего должностного лица субъекта Российской Федерации и муниципального образования | D27: 902 | E27: 01 | F27: 02 | I27: =SUM(J27:O27) -> 3342000 | J27: =J28 -> 2171800 | K27: =K28 -> 1170200 | L27: =L28 -> 0 | M27: =M28 -> 0 | N27: =N28 -> 0 | O27: =O28 -> 0
C28: Муниципальная программа "Обеспечение деятельности органов местного самоуправления" | D28: 902 | E28: 01 | F28: 02 | G28: 5000000000 | I28: =SUM(J28:O28) -> 3342000 | J28: =J29 -> 2171800 | K28: =K29 -> 1170200 | L28: =L29 -> 0 | M28: =M29 -> 0 | N28: =N29 -> 0 | O28: =O29 -> 0
C29: Обеспечение деятельности высшего должностного лица муниципального образования | D29: 902 | E29: 01 | F29: 02 | G29: 5010000000 | I29: =SUM(J29:O29) -> 3342000 | J29: =J30 -> 2171800 | K29: =K30 -> 1170200 | L29: =L30 -> 0 | M29: =M30 -> 0 | N29: =N30 -> 0 | O29: =O30 -> 0
C30: Расходы на обеспечение функций органов местного самоуправления | D30: 902 | E30: 01 | F30: 02 | G30: 5010000190 | I30: =SUM(J30:O30) -> 3342000 | J30: =J31 -> 2171800 | K30: =K31 -> 1170200 | L30: =L31 -> 0 | M30: =M31 -> 0 | N30: =N31 -> 0 | O30: =O31 -> 0
C31: Расходы на выплаты персоналу в целях обеспечения выполнения функций государственными (муниципальными) органами, казенными учреждениями, органами управления государственными внебюджетными фондами | D31: 902 | E31: 01 | F31: 02 | G31: 5010000190 | H31: 100 | I31: =SUM(J31:O31) -> 3342000 | J31: 2171800 | K31: 1170200
C32: Функционирование Правительства Российской Федерации, высших исполнительных органов государственной власти субъектов Российской Федерации, местных администраций | D32: 902 | E32: 01 | F32: 04 | I32: =SUM(J32:O32) -> 105122300 | J32: =J33 -> 76239500 | K32: =K33 -> 29711900 | L32: =L33 -> 0 | M32: =M33 -> -829100 | N32: =N33 -> 0 | O32: =O33 -> 0
C33: Муниципальная программа "Обеспечение деятельности органов местного самоуправления" | D33: 902 | E33: 01 | F33: 04 | G33: 5000000000 | I33: =SUM(J33:O33) -> 105122300 | J33: =J34 -> 76239500 | K33: =K34 -> 29711900 | L33: =L34 -> 0 | M33: =M34 -> -829100 | N33: =N34 -> 0 | O33: =O34 -> 0
C34: Обеспечение деятельности администрации муниципального образования | D34: 902 | E34: 01 | F34: 04 | G34: 5020000000 | I34: =SUM(J34:O34) -> 105122300 | J34: =J35+J38+J41+J44 -> 76239500 | K34: =K35+K38+K41+K44 -> 29711900 | L34: =L35+L38+L41+L44 -> 0 | M34: =M35+M38+M41+M44 -> -829100 | N34: =N35+N38+N41+N44 -> 0 | O34: =O35+O38+O41+O44 -> 0
C35: Расходы на обеспечение функций органов местного самоуправления | D35: 902 | E35: 01 | F35: 04 | G35: 5020000190 | I35: =SUM(J35:O35) -> 97785800 | J35: =J36+J37 -> 68925700 | K35: =K36+K37 -> 29689200 | L35: =L36+L37 -> 0 | M35: =M36+M37 -> -829100 | N35: =N36+N37 -> 0 | O35: =O36+O37 -> 0
C36: Расходы на выплаты персоналу в целях обеспечения выполнения функций государственными (муниципальными) органами, казенными учреждениями, органами управления государственными внебюджетными фондами | D36: 902 | E36: 01 | F36: 04 | G36: 5020000190 | H36: 100 | I36: =SUM(J36:O36) -> 97785800 | J36: 68925700 | K36: 29689200 | M36: -829100
C37: Иные бюджетные ассигнования | D37: 902 | E37: 01 | F37: 04 | G37: 5020000190 | H37: 800 | I37: =SUM(J37:O37) -> 0 | J37: 0
C38: Осуществление отдельных государственных полномочий по ведению учета граждан отдельных категорий в качестве нуждающихся в жилых помещениях и по формированию списка детей-сирот и детей, оставшихся без попечения родителей, лиц из числа детей-сирот и детей, оставшихся без попечения родителей, лиц, относившихся к категории детей-сирот и детей, оставшихся без попечения родителей, подлежащих обеспечению жилыми помещениями | D38: 902 | E38: 01 | F38: 04 | G38: 5020060870 | I38: =SUM(J38:O38) -> 982600 | J38: =J39+J40 -> 979700 | K38: =K39+K40 -> 2900 | L38: =L39+L40 -> 0 | M38: =M39+M40 -> 0 | N38: =N39+N40 -> 0 | O38: =O39+O40 -> 0
C39: Расходы на выплаты персоналу в целях обеспечения выполнения функций государственными (муниципальными) органами, казенными учреждениями, органами управления государственными внебюджетными фондами | D39: 902 | E39: 01 | F39: 04 | G39: 5020060870 | H39: 100 | I39: =SUM(J39:O39) -> 982600 | J39: 979700 | K39: 2900
C40: Закупка товаров, работ и услуг для обеспечения государственных (муниципальных) нужд | D40: 902 | E40: 01 | F40: 04 | G40: 5020060870 | H40: 200 | I40: =SUM(J40:O40) -> 0 | J40: 0
C41: Осуществление отдельных государственных полномочий по созданию и организации деятельности комиссий по делам несовершеннолетних и защите их прав | D41: 902 | E41: 01 | F41: 04 | G41: 5020069200 | I41: =SUM(J41:O41) -> 5371200 | J41: =J42+J43 -> 5354400 | K41: =K42+K43 -> 16800 | L41: =L42+L43 -> 0 | M41: =M42+M43 -> 0 | N41: =N42+N43 -> 0 | O41: =O42+O43 -> 0
C42: Расходы на выплаты персоналу в целях обеспечения выполнения функций государственными (муниципальными) органами, казенными учреждениями, органами управления государственными внебюджетными фондами | D42: 902 | E42: 01 | F42: 04 | G42: 5020069200 | H42: 100 | I42: =SUM(J42:O42) -> 5271200 | J42: 5254400 | K42: 16800
C43: Закупка товаров, работ и услуг для обеспечения государственных (муниципальных) нужд | D43: 902 | E43: 01 | F43: 04 | G43: 5020069200 | H43: 200 | I43: =SUM(J43:O43) -> 100000 | J43: 100000 | K43: 0
C44: 0существление отдельных государственных полномочий по предоставлению лицам, которые относились к категории детей-сирот и детей, оставшихся без попечения родителей, лиц из числа детей-сирот и детей, оставшихся без попечения родителей, и достигли возраста 23 лет, выплаты на приобретение благоустроенного жилого помещения в собственность или для полного погашения предоставленного на приобретение жилого помещения кредита (займа) по договору, обязательства заемщика по которому обеспечены ипотекой | D44: 902 | E44: 01 | F44: 04 | G44: 5020069210 | I44: =SUM(J44:O44) -> 982700 | J44: =J45 -> 979700 | K44: =K45 -> 3000 | L44: =L45 -> 0 | M44: =M45 -> 0 | N44: =N45 -> 0 | O44: =O45 -> 0
C45: Расходы на выплаты персоналу в целях обеспечения выполнения функций государственными (муниципальными) органами, казенными учреждениями, органами управления государственными внебюджетными фондами | D45: 902 | E45: 01 | F45: 04 | G45: 5020069210 | H45: 100 | I45: =SUM(J45:O45) -> 982700 | J45: 979700 | K45: 3000
C46: Судебная система | D46: 902 | E46: 01 | F46: 05 | I46: =SUM(J46:O46) -> 85000 | J46: =J47 -> 83300 | K46: =K47 -> 0 | L46: =L47 -> 0 | M46: =M47 -> 1700 | N46: =N47 -> 0 | O46: =O47 -> 0
C47: Другие непрограммные направления деятельности органов местного самоуправления | D47: 902 | E47: 01 | F47: 05 | G47: 9900000000 | I47: =SUM(J47:O47) -> 85000 | J47: =J48 -> 83300 | K47: =K48 -> 0 | L47: =L48 -> 0 | M47: =M48 -> 1700 | N47: =N48 -> 0 | O47: =O48 -> 0
C48: Осуществление полномочий по составлению (изменению) списков кандидатов в присяжные заседатели федеральных судов общей юрисдикции в Российской Федерации | D48: 902 | E48: 01 | F48: 05 | G48: 9900051200 | I48: =SUM(J48:O48) -> 85000 | J48: =J49 -> 83300 | K48: =K49 -> 0 | L48: =L49 -> 0 | M48: =M49 -> 1700 | N48: =N49 -> 0 | O48: =O49 -> 0
C49: Закупка товаров, работ и услуг для обеспечения государственных (муниципальных) нужд | D49: 902 | E49: 01 | F49: 05 | G49: 9900051200 | H49: 200 | I49: =SUM(J49:O49) -> 85000 | J49: 83300 | K49: 0 | L49: 0 | M49: 1700 | N49: 0 | O49: 0
C50: Резервные фонды | D50: 902 | E50: 01 | F50: 11 | I50: =SUM(J50:O50) -> 5838048.8 | J50: =J51 -> 5000000 | K50: =K51 -> -2000000 | L50: =L51 -> 0 | M50: =M51 -> 0 | N50: =N51 -> 2838048.8 | O50: =O51 -> 0
C51: Другие непрограммные направления деятельности органов местного самоуправления | D51: 902 | E51: 01 | F51: 11 | G51: 9900000000 | I51: =SUM(J51:O51) -> 5838048.8 | J51: =J52 -> 5000000 | K51: =K52 -> -2000000 | L51: =L52 -> 0 | M51: =M52 -> 0 | N51: =N52 -> 2838048.8 | O51: =O52 -> 0
C52: Финансовое обеспечение непредвиденных расходов | D52: 902 | E52: 01 | F52: 11 | G52: 9930000000 | I52: =SUM(J52:O52) -> 5838048.8 | J52: =J53 -> 5000000 | K52: =K53 -> -2000000 | L52: =L53 -> 0 | M52: =M53 -> 0 | N52: =N53 -> 2838048.8 | O52: =O53 -> 0
C53: Резервные фонды администрации | D53: 902 | E53: 01 | F53: 11 | G53: 9930020590 | I53: =SUM(J53:O53) -> 5838048.8 | J53: =J54 -> 5000000 | K53: =K54 -> -2000000 | L53: =L54 -> 0 | M53: =M54 -> 0 | N53: =N54 -> 2838048.8 | O53: =O54 -> 0
C54: Иные бюджетные ассигнования | D54: 902 | E54: 01 | F54: 11 | G54: 9930020590 | H54: 800 | I54: =SUM(J54:O54) -> 5838048.8 | J54: 5000000 | K54: -2000000 | L54: 0 | M54: 0 | N54: =5000000-286200-450000-614198.7-711552.54-100000 -> 2838048.8 | O54: 0
C55: Другие общегосударственные вопросы | D55: 902 | E55: 01 | F55: 13 | I55: =SUM(J55:O55) -> 251471300 | J55: =J67+J92+J56+J88 -> 156428700 | K55: =K67+K92+K56+K88 -> 91059700 | L55: =L67+L92+L56+L88 -> 0 | M55: =M67+M92+M56+M88 -> 718900 | N55: =N67+N92+N56+N88 -> 3264000 | O55: =O67+O92+O56+O88 -> 0
C56: Муниципальная программа "Обеспечение деятельности органов местного самоуправления" | D56: 902 | E56: 01 | F56: 13 | G56: 5000000000 | I56: =SUM(J56:O56) -> 5027000 | J56: =J57+J61+J64 -> 11500000 | K56: =K57+K61+K64 -> -6473000 | L56: =L57+L61+L64 -> 0 | M56: =M57+M61+M64 -> 0 | N56: =N57+N61+N64 -> 0 | O56: =O57+O61+O64 -> 0
C57: Укрепление материально-технической базы органов местного самоуправления | D57: 902 | E57: 01 | F57: 13 | G57: 5030000000 | I57: =SUM(J57:O57) -> 2750000 | J57: =J58 -> 5000000 | K57: =K58 -> -2250000 | L57: =L58 -> 0 | M57: =M58 -> 0 | N57: =N58 -> 0 | O57: =O58 -> 0
C58: Укрепление материально-технического оснащения для бесперебойного обеспечения бюджетного процесса | D58: 902 | E58: 01 | F58: 13 | G58: 5030010030 | I58: =SUM(J58:O58) -> 2750000 | J58: =J59 -> 5000000 | K58: =K59+K60 -> -2250000 | L58: =L59+L60 -> 0 | M58: =M59+M60 -> 0 | N58: =N59+N60 -> 0 | O58: =O59+O60 -> 0
C59: Закупка товаров, работ и услуг для обеспечения государственных (муниципальных) нужд | D59: 902 | E59: 01 | F59: 13 | G59: 5030010030 | H59: 200 | I59: =SUM(J59:O59) -> 750000 | J59: 5000000 | K59: -4250000
C60: Иные бюджетные ассигнования | D60: 902 | E60: 01 | F60: 13 | G60: 5030010030 | H60: 800 | I60: =SUM(J60:O60) -> 2000000 | J60: 0 | K60: 2000000
C61: Повышение информированности населения о деятельности органов власти | D61: 902 | E61: 01 | F61: 13 | G61: 5040000000 | I61: =SUM(J61:O61) -> 550000 | J61: =J62 -> 1500000 | K61: =K62 -> -950000 | L61: =L62 -> 0 | M61: =M62 -> 0 | N61: =N62 -> 0 | O61: =O62 -> 0
C62: Обеспечение информационной открытости органов власти | D62: 902 | E62: 01 | F62: 13 | G62: 5040010560 | I62: =SUM(J62:O62) -> 550000 | J62: =J63 -> 1500000 | K62: =K63 -> -950000 | L62: =L63 -> 0 | M62: =M63 -> 0 | N62: =N63 -> 0 | O62: =O63 -> 0
C63: Закупка товаров, работ и услуг для обеспечения государственных (муниципальных) нужд | D63: 902 | E63: 01 | F63: 13 | G63: 5040010560 | H63: 200 | I63: =SUM(J63:O63) -> 550000 | J63: 1500000 | K63: -950000
C64: Создание информационно-технической инфраструктуры администрации | D64: 902 | E64: 01 | F64: 13 | G64: 5050000000 | I64: =SUM(J64:O64) -> 1727000 | J64: =J65 -> 5000000 | K64: =K65 -> -3273000 | L64: =L65 -> 0 | M64: =M65 -> 0 | N64: =N65 -> 0 | O64: =O65 -> 0
C65: Информатизация администрации муниципального образования | D65: 902 | E65: 01 | F65: 13 | G65: 5050010780 | I65: =SUM(J65:O65) -> 1727000 | J65: =J66 -> 5000000 | K65: =K66 -> -3273000 | L65: =L66 -> 0 | M65: =M66 -> 0 | N65: =N66 -> 0 | O65: =O66 -> 0
C66: Закупка товаров, работ и услуг для обеспечения государственных (муниципальных) нужд | D66: 902 | E66: 01 | F66: 13 | G66: 5050010780 | H66: 200 | I66: =SUM(J66:O66) -> 1727000 | J66: 5000000 | K66: -3273000
C67: Муниципальная программа "Обеспечение деятельности казенных учреждений" | D67: 902 | E67: 01 | F67: 13 | G67: 5200000000 | I67: =SUM(J67:O67) -> 230951400 | J67: =J68+J73+J83+J78 -> 130582300 | K67: =K68+K73+K83+K78 -> 99277100 | L67: =L68+L73+L83+L78 -> 0 | M67: =M68+M73+M83+M78 -> 0 | N67: =N68+N73+N83+N78 -> 1092000 | O67: =O68+O73+O83+O78 -> 0
C68: Централизованная бухгалтерия | D68: 902 | E68: 01 | F68: 13 | G68: 5210000000 | I68: =SUM(J68:O68) -> 136808200 | J68: =J69 -> 84761100 | K68: =K69 -> 50955100 | L68: =L69 -> 0 | M68: =M69 -> 0 | N68: =N69 -> 1092000 | O68: =O69 -> 0
C69: Расходы на обеспечение деятельности (оказание услуг) муниципальных учреждений | D69: 902 | E69: 01 | F69: 13 | G69: 5210000590 | I69: =SUM(J69:O69) -> 136808200 | J69: =J70+J71+J72 -> 84761100 | K69: =K70+K71+K72 -> 50955100 | L69: =L70+L71+L72 -> 0 | M69: =M70+M71+M72 -> 0 | N69: =N70+N71+N72 -> 1092000 | O69: =O70+O71+O72 -> 0
C70: Расходы на выплаты персоналу в целях обеспечения выполнения функций государственными (муниципальными) органами, казенными учреждениями, органами управления государственными внебюджетными фондами | D70: 902 | E70: 01 | F70: 13 | G70: 5210000590 | H70: 100 | I70: =SUM(J70:O70) -> 1.2337886e+08 | J70: 77302800 | K70: =18493700+35014300 -> 53508000 | M70: -7431937
C71: Закупка товаров, работ и услуг для обеспечения государственных (муниципальных) нужд | D71: 902 | E71: 01 | F71: 13 | G71: 5210000590 | H71: 200 | I71: =SUM(J71:O71) -> 13265337 | J71: 7333500 | K71: =-1091800-1500300 -> -2592100 | M71: 7431937 | N71: 1092000
C72: Иные бюджетные ассигнования | D72: 902 | E72: 01 | F72: 13 | G72: 5210000590 | H72: 800 | I72: =SUM(J72:O72) -> 164000 | J72: 124800 | K72: =25600+13600 -> 39200
C73: Управление по обеспечению деятельности администрации | D73: 902 | E73: 01 | F73: 13 | G73: 5220000000 | I73: =SUM(J73:O73) -> 48110500 | J73: =J74 -> 25470700 | K73: =K74 -> 22639800 | L73: =L74 -> 0 | M73: =M74 -> 0 | N73: =N74 -> 0 | O73: =O74 -> 0
C74: Расходы на обеспечение деятельности (оказание услуг) муниципальных учреждений | D74: 902 | E74: 01 | F74: 13 | G74: 5220000590 | I74: =SUM(J74:O74) -> 48110500 | J74: =J75+J76+J77 -> 25470700 | K74: =K75+K76+K77 -> 22639800 | L74: =L75+L76+L77 -> 0 | M74: =M75+M76+M77 -> 0 | N74: =N75+N76+N77 -> 0 | O74: =O75+O76+O77 -> 0
C75: Расходы на выплаты персоналу в целях обеспечения выполнения функций государственными (муниципальными) органами, казенными учреждениями, органами управления государственными внебюджетными фондами | D75: 902 | E75: 01 | F75: 13 | G75: 5220000590 | H75: 100 | I75: =SUM(J75:O75) -> 37120000 | J75: 14029500 | K75: 23090500
C76: Закупка товаров, работ и услуг для обеспечения государственных (муниципальных) нужд | D76: 902 | E76: 01 | F76: 13 | G76: 5220000590 | H76: 200 | I76: =SUM(J76:O76) -> 10825500 | J76: 11315700 | K76: -490200
C77: Иные бюджетные ассигнования | D77: 902 | E77: 01 | F77: 13 | G77: 5220000590 | H77: 800 | I77: =SUM(J77:O77) -> 165000 | J77: 125500 | K77: 39500
C78: Архитектура и градостроительство | D78: 902 | E78: 01 | F78: 13 | G78: 5230000000 | I78: =SUM(J78:O78) -> 24632500 | J78: =J79 -> 5876800 | K78: =K79 -> 18755700 | L78: =L79 -> 0 | M78: =M79 -> 0 | N78: =N79 -> 0 | O78: =O79 -> 0
C79: Расходы на обеспечение деятельности (оказание услуг) муниципальных учреждений | D79: 902 | E79: 01 | F79: 13 | G79: 5230000590 | I79: =SUM(J79:O79) -> 24632500 | J79: =J80+J81+J82 -> 5876800 | K79: =K80+K81+K82 -> 18755700 | L79: =L80+L81+L82 -> 0 | M79: =M80+M81+M82 -> 0 | N79: =N80+N81+N82 -> 0 | O79: =O80+O81+O82 -> 0
C80: Расходы на выплаты персоналу в целях обеспечения выполнения функций государственными (муниципальными) органами, казенными учреждениями, органами управления государственными внебюджетными фондами | D80: 902 | E80: 01 | F80: 13 | G80: 5230000590 | H80: 100 | I80: =SUM(J80:O80) -> 23536400 | J80: 5311900 | K80: 18224500
C81: Закупка товаров, работ и услуг для обеспечения государственных (муниципальных) нужд | D81: 902 | E81: 01 | F81: 13 | G81: 5230000590 | H81: 200 | I81: =SUM(J81:O81) -> 781400 | J81: 370900 | K81: 410500
C82: Иные бюджетные ассигнования | D82: 902 | E82: 01 | F82: 13 | G82: 5230000590 | H82: 800 | I82: =SUM(J82:O82) -> 314700 | J82: 194000 | K82: 120700
C83: Служба заказчика | D83: 902 | E83: 01 | F83: 13 | G83: 5260000000 | I83: =SUM(J83:O83) -> 21400200 | J83: =+J84 -> 14473700 | K83: =+K84 -> 6926500 | L83: =+L84 -> 0 | M83: =+M84 -> 0 | N83: =+N84 -> 0 | O83: =+O84 -> 0
C84: Расходы на обеспечение деятельности (оказание услуг) муниципальных учреждений | D84: 902 | E84: 01 | F84: 13 | G84: 5260000590 | I84: =SUM(J84:O84) -> 21400200 | J84: =J85+J86+J87 -> 14473700 | K84: =K85+K86+K87 -> 6926500 | L84: =L85+L86+L87 -> 0 | M84: =M85+M86+M87 -> 0 | N84: =N85+N86+N87 -> 0 | O84: =O85+O86+O87 -> 0
C85: Расходы на выплаты персоналу в целях обеспечения выполнения функций государственными (муниципальными) органами, казенными учреждениями, органами управления государственными внебюджетными фондами | D85: 902 | E85: 01 | F85: 13 | G85: 5260000590 | H85: 100 | I85: =SUM(J85:O85) -> 19500800 | J85: 12609300 | K85: 6891500
C86: Закупка товаров, работ и услуг для обеспечения государственных (муниципальных) нужд | D86: 902 | E86: 01 | F86: 13 | G86: 5260000590 | H86: 200 | I86: =SUM(J86:O86) -> 1319400 | J86: 1420400 | K86: -101000
C87: Иные бюджетные ассигнования | D87: 902 | E87: 01 | F87: 13 | G87: 5260000590 | H87: 800 | I87: =SUM(J87:O87) -> 580000 | J87: 444000 | K87: 136000
C88: Муниципальная программа "Поддержка социально ориентированных некоммерческих организаций" | D88: 902 | E88: 01 | F88: 13 | G88: 6300000000 | I88: =SUM(J88:O88) -> 3932000 | J88: =J89 -> 2050000 | K88: =K89 -> -290000 | L88: =L89 -> 0 | M88: =M89 -> 0 | N88: =N89 -> 2172000 | O88: =O89 -> 0
C89: Формирование благоприятных условий для осуществления деятельности социально ориентированных некоммерческих организаций | D89: 902 | E89: 01 | F89: 13 | G89: 6310000000 | I89: =SUM(J89:O89) -> 3932000 | J89: =J90 -> 2050000 | K89: =K90 -> -290000 | L89: =L90 -> 0 | M89: =M90 -> 0 | N89: =N90 -> 2172000 | O89: =O90 -> 0
C90: Реализация мероприятий по поддержке социально ориентированных некоммерческих организаций | D90: 902 | E90: 01 | F90: 13 | G90: 6310010050 | I90: =SUM(J90:O90) -> 3932000 | J90: =J91 -> 2050000 | K90: =K91 -> -290000 | L90: =L91 -> 0 | M90: =M91 -> 0 | N90: =N91 -> 2172000 | O90: =O91 -> 0
C91: Предоставление субсидий бюджетным, автономным учреждениям и иным некоммерческим организациям | D91: 902 | E91: 01 | F91: 13 | G91: 6310010050 | H91: 600 | I91: =SUM(J91:O91) -> 3932000 | J91: 2050000 | K91: -290000 | N91: 2172000
C92: Другие непрограммные направления деятельности органов местного самоуправления | D92: 902 | E92: 01 | F92: 13 | G92: 9900000000 | I92: =SUM(J92:O92) -> 11560900 | J92: =J95+J93+J97 -> 12296400 | K92: =K95+K93+K97 -> -1454400 | L92: =L95+L93+L97 -> 0 | M92: =M95+M93+M97 -> 718900 | N92: =N95+N93+N97 -> 0 | O92: =O95+O93+O97 -> 0
C93: Реализация мероприятий по выполнению наказов избирателей депутатам представительного органа | D93: 902 | E93: 01 | F93: 13 | G93: 9900010150 | I93: =SUM(J93:O93) -> 10000000 | J93: =J94 -> 10000000 | K93: =K94 -> 0 | L93: =L94 -> 0 | M93: =M94 -> 0 | N93: =N94 -> 0 | O93: =O94 -> 0
C94: Закупка товаров, работ и услуг для обеспечения государственных (муниципальных) нужд | D94: 902 | E94: 01 | F94: 13 | G94: 9900010150 | H94: 200 | I94: =SUM(J94:O94) -> 10000000 | J94: 10000000 | K94: 0
C95: Исполнение судебных решений | D95: 902 | E95: 01 | F95: 13 | G95: 9900010910 | I95: =SUM(J95:O95) -> 718900 | J95: =J96 -> 765500 | K95: =K96 -> -765500 | L95: =L96 -> 0 | M95: =M96 -> 718900 | N95: =N96 -> 0 | O95: =O96 -> 0
C96: Закупка товаров, работ и услуг для обеспечения государственных (муниципальных) нужд | D96: 902 | E96: 01 | F96: 13 | G96: 9900010910 | H96: 200 | I96: =SUM(J96:O96) -> 718900 | J96: 765500 | K96: -765500 | M96: 718900
C97: Непрограммные мероприятия в области архитектуры и управления муниципальным имуществом | D97: 902 | E97: 01 | F97: 13 | G97: 9960000000 | I97: =SUM(J97:O97) -> 842000 | J97: =J98 -> 1530900 | K97: =K98 -> -688900 | L97: =L98 -> 0 | M97: =M98 -> 0 | N97: =N98 -> 0 | O97: =O98 -> 0
C98: Мероприятия в области подготовительных работ и ввода в эксплуатацию объектов строительства | D98: 902 | E98: 01 | F98: 13 | G98: 9960010570 | I98: =SUM(J98:O98) -> 842000 | J98: =J99 -> 1530900 | K98: =K99 -> -688900 | L98: =L99 -> 0 | M98: =M99 -> 0 | N98: =N99 -> 0 | O98: =O99 -> 0
C99: Закупка товаров, работ и услуг для обеспечения государственных (муниципальных) нужд | D99: 902 | E99: 01 | F99: 13 | G99: 9960010570 | H99: 200 | I99: =SUM(J99:O99) -> 842000 | J99: 1530900 | K99: -688900
C100: Национальная безопасность и правоохранительная деятельность | D100: 902 | E100: 03 | F100: 00 | I100: =SUM(J100:O100) -> 48023551 | J100: =J101+J124+J115 -> 42296100 | K100: =K101+K124+K115 -> 3565500 | L100: =L101+L124+L115 -> 0 | M100: =M101+M124+M115 -> 0 | N100: =N101+N124+N115 -> 2161951.2 | O100: =O101+O124+O115 -> 0
C101: Гражданская оборона | D101: 902 | E101: 03 | F101: 09 | I101: =SUM(J101:O101) -> 42958600 | J101: =J102+J109 -> 35524100 | K101: =K102+K109 -> 7434500 | L101: =L102+L109 -> 0 | M101: =M102+M109 -> 0 | N101: =N102+N109 -> 0 | O101: =O102+O109 -> 0
...
